 Dungeon Crawl Stone Soup version 0.20.0-8-g6b59dc7 (webtiles) character file.

194 zhorgal the Conjurer (level 5, -3/41 HPs)
             Began as a Draconian Wizard on May 30, 2017.
             Killed from afar by an orc wizard (9 damage)
             ... with a puff of flame
             ... on level 3 of the Dungeon.
             The game lasted 00:12:08 (3574 turns).

zhorgal the Conjurer (Draconian Wizard)             Turns: 3574, Time: 00:12:09

Health: -3/41      AC:  5    Str:  9    XL:     5   Next: 44%
Magic:  10/10      EV: 12    Int: 19    God:
Gold:   145        SH:  0    Dex: 10    Spells: 4/11 levels left

rFire    . . .     SeeInvis .   e - +0 mace
rCold    . . .     Gourm    .   (no shield)
rNeg     . . .     Faith    .   (armour unavailable)
rPois    .         Spirit   .   a - +0 hat
rElec    .         Reflect  .   (no cloak)
rCorr    .         Harm     .   (no gloves)
MR       .....                  (no boots)
Stlth    +.........             (no amulet)
Regen    0.2/turn               (no ring)
MPRegen  0.2/turn               (no ring)

@: confused
A: unfitting armour, cold-blooded, AC +5
a: no special abilities


You were on level 3 of the Dungeon.
You were not hungry.

You visited 1 branch of the dungeon, and saw 3 of its levels.

You collected 145 gold pieces.

Inventory:

Hand Weapons
 e - a +0 mace (weapon)
 g - a +0 spear
 p - a +0 arbalest
Missiles
 d - 103 stones (quivered)
 f - 6 tomahawks
 q - 26 bolts
 r - 21 arrows
Armour
 a - a +0 hat (worn)
 v - a +0 pair of gloves
Jewellery
 m - a cursed -3 ring of strength {unknown}
Wands
 u - a wand of digging (19/24)
Scrolls
 l - 3 scrolls of identify {unknown}
 n - 2 scrolls of teleportation {unknown}
Potions
 i - 2 potions of lignification {unknown}
 j - a potion of curing {unknown}
 o - a potion of resistance {unknown}
 s - 2 potions of haste
Books
 b - a book of Minor Magic

   Spells                             Type                      Level
   a - Magic Dart                     Conjuration                  1
   b - Blink                          Translocation                2
   c - Call Imp                       Summoning                    2
   d - Slow                           Hexes                        2
   e - Conjure Flame                  Conjuration/Fire             3
   f - Mephitic Cloud                 Conjuration/Poison/Air       3
Comestibles
 c - 2 bread rations
 h - 3 royal jellies
 k - 2 meat rations
 t - 4 chunks of flesh


   Skills:
 + Level 1.6 Fighting
 - Level 1.7 Dodging
 - Level 1.7 Stealth
 + Level 3.7 Spellcasting
 * Level 4.4 Conjurations
   Level 1.0 Summonings
   Level 1.0 Translocations


You had 4 spell levels left.
You knew the following spells:

 Your Spells              Type           Power        Failure   Level  Hunger
a - Magic Dart            Conj           ###.         2%          1    None
b - Conjure Flame         Conj/Fire      ##......     17%         3    ###....
c - Mephitic Cloud        Conj/Pois/Air  #.......     22%         3    ###....


Dungeon Overview and Level Annotations

Branches:
Dungeon (3/15)

Altars:


Innate Abilities, Weirdness & Mutations

Your plain brown scales are hard. (AC +5)
You cannot fit into any form of body armour.
You are cold-blooded and may be slowed by cold attacks.


Message History

The orc hits you but does no damage. The orc misses you. Something hits you.
The orc closely misses you.
You bump into the rock wall.
You hear some strange, mumbled words.
Something tries to affect you, but you resist.
The orc misses you.
You bump into the rock wall.
The orc barely misses you. Something barely misses you.
The orc hits you with a morningstar.
You hit the orc.
You kill the orc!
The orc hits you with a flail!
* * * LOW HITPOINT WARNING * * *
Something hits you but does no damage.
You miss something. Something hits you.
* * * LOW HITPOINT WARNING * * *
The orc misses you.
You hear some strange, mumbled words.
A puff of flame appears from out of thin air!
The puff of flame hits you!
You die...

♣≈≈≈...o≈≈≈≈P♣.#.#.... ....
♣P≈≈....≈≈P≈P≈....... ....
♣≈≈P.$.oPP≈≈≈♣.#.#.######...
##♣PPP...≈P≈♣♣♣...............
#.. ♣≈≈.≈≈≈♣)......#.##.......
#...♣♣≈(.P≈#####.###.##.# #...
#....≈≈...## #........# ...
##.#.♣≈...######).#..#### ##.
#........)@...(#...#######.
#..........o{......[.........
#.#####..#####...#...........
# #..# ##..#)#######.## #..#
###....#######.## ....
..................
##.........#......###...
..######..######.# #### #..
#.#


You could see an orc.

Vanquished Creatures
  Ijyb (D:3)
  3 adders (D:2)
  7 gnolls
  A worm (D:2)
  A dart slug (D:2)
  3 leopard geckos
  7 orcs
  3 giant cockroaches
  11 goblins
  9 hobgoblins
  2 jackals (D:1)
  4 kobolds
  3 bats
  3 frilled lizards
  5 rats
63 creatures vanquished.

Notes
Turn   | Place    | Note
-------+----------+-------------------------------------------
     0 | D:1      | zhorgal the Draconian Wizard began the quest for the Orb.
     0 | D:1      | Reached XP level 1. HP: 14/14 MP: 4/4
   331 | D:1      | Reached skill level 2 in Conjurations
   377 | D:1      | Reached XP level 2. HP: 20/20 MP: 3/6
  1027 | D:2      | Reached skill level 3 in Conjurations
  1027 | D:2      | Reached XP level 3. HP: 26/26 MP: 3/7
  1074 | D:2      | Learned a level 3 spell: Conjure Flame
  1516 | D:2      | Reached skill level 1 in Fighting
  1516 | D:2      | Reached XP level 4. HP: 17/35 MP: 6/8
  2360 | D:2      | Reached skill level 4 in Conjurations
  2368 | D:2      | Reached XP level 5. HP: 24/40 MP: 1/10
  2875 | D:2      | Learned a level 3 spell: Mephitic Cloud
  3287 | D:3      | Noticed Ijyb
  3300 | D:3      | Killed Ijyb
  3574 | D:3      | Killed from afar by an orc wizard

Skill      XL: |  1  2  3  4 |
---------------+-------------+-----
Conjurations   | 2 3 4 |  4.4
Fighting       | 1 |  1.6
Dodging        | |  1.7
Stealth        | |  1.7
Spellcasting   | |  3.7
Summonings     | |  1.0
Translocations | |  1.0

Action                   |  1- 3 |  4- 6 || total
-------------------------+-------+-------++-------
Melee: Mace              |    45 |    24 ||    69
       Tailslap          |     2 |     5 ||     7
 Cast: Magic Dart        |    51 |   101 ||   152
 Stab: Sleeping          |     1 |     2 ||     3
  Eat: Chunk             |     2 |     6 ||     8
Armor: Skin              |    20 |    14 ||    34
Dodge: Dodged            |    56 |    50 ||   106
